 Dungeon Crawl Stone Soup version 0.21.1-1-g345015f (webtiles) character file.

3579 stankywizzleteets the Blocker (level 9, -9/81 HPs)
             Began as a Deep Dwarf Fighter on June 15, 2018.
             Was a Follower of the Shining One.
             Killed from afar by an orc (35 damage)
             ... with an exploding inner flame
             ... hexed by the player character
             ... in a bailey.
             The game lasted 01:07:24 (7145 turns).

stankywizzleteets the Blocker (Deep Dwarf Fighter)  Turns: 7145, Time: 01:07:25

Health: -9/81      AC: 23    Str: 23    XL:     9   Next: 84%
Magic:  6/6        EV:  3    Int:  9    God:    the Shining One [*.....]
Gold:   349        SH: 14    Dex: 12    Spells: 8/8 levels left

rFire    . . .     SeeInvis .   p - +0 flail (holy)
rCold    . . .     Gourm    .   i - +2 shield
rNeg     + . .     Faith    .   q - +3 crystal plate armour
rPois    .         Spirit   .   g - +0 helmet
rElec    .         Reflect  .   n - scarf {repulsion}
rCorr    +         Harm     .   r - +0 pair of gloves
MR       +....                  (no boots)
Stlth    ..........             (no amulet)
HPRegen  0.00/turn              G - ring of resist corrosion
MPRegen  0.10/turn              D - ring of positive energy

@: non-regenerating, glowing, repel missiles
A: damage resistance, heal wounds, sense surroundings 2, no regeneration
a: Heal Wounds, Renounce Religion


You were in a bailey.
You worshipped the Shining One.
The Shining One was aware of your devotion.
You were not hungry.

You visited 2 branches of the dungeon, and saw 9 of its levels.
You also visited: Bailey.

You collected 349 gold pieces.

Inventory:

Hand Weapons
 a - a +0 war axe
 p - a +0 flail of holy wrath (weapon)
 s - a +0 long sword
 x - a +0 falchion
 z - a +0 mace of holy wrath
 B - a +0 whip of electrocution
 L - a +1 rapier of venom
 Q - a cursed +0 great sword
 V - a +0 blowgun
Missiles
 o - 44 poisoned needles
 A - 19 tomahawks (quivered)
 X - 17 tomahawks of returning
Armour
 b - a +0 scale mail
 c - a +0 shield
 e - a +2 hat
 g - a +0 helmet (worn)
 i - a +2 shield (worn)
 l - a +0 ring mail
 n - a scarf of repulsion (worn)
 q - a +3 crystal plate armour (worn)
 r - a +0 pair of gloves (worn)
 E - a +3 ring mail
 F - a +0 pair of gloves
Magical Staves
 u - an uncursed staff of air
Jewellery
 h - an uncursed ring of wizardry
 D - a ring of positive energy (right hand)
 G - a ring of resist corrosion (left hand)
 P - a +5 ring of intelligence
 T - a +3 ring of intelligence
 W - an uncursed ring of wizardry
Wands
 d - a wand of flame (76)
 j - a wand of iceblast (3)
 N - a wand of random effects (12)
Scrolls
 k - a scroll of blinking
 t - a scroll of noise
 w - 2 scrolls of remove curse
 y - 4 scrolls of identify
 K - a scroll of torment {unknown}
 O - a scroll of random uselessness {unknown}
 S - a scroll of enchant weapon {unknown}
 U - 2 scrolls of teleportation {unknown}
Potions
 C - 6 potions of brilliance
 I - a potion of berserk rage {unknown}
 J - a potion of lignification
 M - 3 potions of might
 R - a potion of cancellation {unknown}
 Y - 2 potions of haste
Books
 H - a book of Air

   Spells                             Type                      Level
   a - Shock                          Conjuration/Air              1
   b - Swiftness                      Charms/Air                   2
   c - Static Discharge               Conjuration/Air              3
   d - Airstrike                      Air                          4
   e - Lightning Bolt                 Conjuration/Air              5
Comestibles
 f - 8 rations


   Skills:
 + Level 5.1 Fighting
 + Level 4.7(7.5) Axes
 + Level 8.4(8.9) Maces & Flails
 + Level 6.5 Armour
 + Level 0.6 Dodging
 + Level 9.3 Shields


You had 8 spell levels left.
You didn't know any spells.

Dungeon Overview and Level Annotations

Branches:
Dungeon (8/15)             Temple (1/1) D:5
   Lair: D:8-11

Altars:
Ashenzari
Cheibriados
Dithmenos
Elyvilon
Fedhas
Gozag
Hepliaklqana
Kikubaaqudgha
Makhleb
Nemelex Xobeh
Okawaru
Qazlal
Ru
Sif Muna
Trog
Uskayaw
Vehumet
Wu Jian
Xom
Yredelemnul
Zin
The Shining One

Shops:
D:4 =   D:5 (


Innate Abilities, Weirdness & Mutations

You are resistant to damage.
You can heal yourself by infusing magical energy.
You passively map the area around you.
You do not regenerate.


Message History

You hit the orc warlord but do no damage.
The orc warlord is almost dead.
The orc hits you but does no damage.
The orc warlord hits you but does no damage.
You sock the orc warlord!
The orc warlord is almost dead.
You block the orc's attack.
You hit the orc warlord.
The orc warlord is almost dead.
The orc warlord hits you but does no damage.
The orc hits you with a hand axe.
You sock the orc warlord!
The orc warlord explodes!
The fiery explosion engulfs you!
The fiery explosion engulfs the hobgoblin.
The hobgoblin explodes!
The fiery explosion engulfs the orc.
The orc explodes!
The fiery explosion engulfs you!
You die...

##..8..8...#≈≈≈≈≈#.....
#..........#≈≈≈≈≈#.....
#..........'.....'....8
#...8......#########...
##..)...#### #≈≈≈##..
##.)...#≈≈#≈.,...)≈#..
##†...#≈........?≈#..
#...##§8.8...8.8##..
#..@§§≈.........#...
#..§§§§....∩....#...
#...§§≈........o#...
#...##≈8.8...8.8##..
##....#≈.... ...!≈#..
##.....#≈≈#≈. ...)≈#.)
##......####≈≈ #≈≈≈##..
#...8....).#########...
#.........)((.(.('....8


There were no monsters in sight!

Vanquished Creatures
  A two-headed ogre (D:8)
  The ghost of Fang the Skirmisher, an amateur GrBe of Trog (D:4)
  Eustachio (D:5)
  3 orc warriors
  An ice beast (D:8)
  2 phantoms (D:6)
  5 ogres
  A centaur (D:5)
  A bullfrog (D:7)
  2 scorpions
  5 wights (D:7)
  2 bullfrog zombies
  2 crimson imps
  A centaur zombie (D:6)
  7 orc priests
  9 orc wizards
  2 iguanas
  Terence (D:2)
  7 worker ants
  A hound skeleton (D:4)
  A worker ant zombie (D:6)
  Robin (D:2)
  A howler monkey skeleton (D:4)
  8 adders
  4 gnolls
  3 shadow imps
  An adder skeleton (D:5)
  An adder zombie (D:4)
  6 worms
  4 dart slugs
  3 leopard geckos
  28 orcs
  6 giant cockroaches
  18 goblins
  14 hobgoblins
  7 jackals
  6 quokkas
  7 bats
  7 frilled lizards
  18 kobolds
  A leopard gecko zombie (D:5)
  A quokka skeleton (D:8)
  A quokka zombie (D:5)
  7 rats
  2 plants (D:4)
211 creatures vanquished.

Notes
Turn   | Place    | Note
-------+----------+-------------------------------------------
     0 | D:1      | stankywizzleteets the Deep Dwarf Fighter began the quest for the Orb.
     0 | D:1      | Reached XP level 1. HP: 20/20 MP: 1/1
   109 | D:1      | Reached XP level 2. HP: 27/27 MP: 2/2
   547 | D:1      | Found a shimmering altar of Xom.
   608 | D:1      | Reached XP level 3. HP: 30/34 MP: 3/3
   917 | D:2      | Noticed Robin
   930 | D:2      | Killed Robin
  1310 | D:2      | Noticed Terence
  1329 | D:2      | Killed Terence
  1329 | D:2      | Reached XP level 4. HP: 33/42 MP: 4/4
  1618 | D:3      | Reached skill level 4 in Shields
  1625 | D:3      | Reached XP level 5. HP: 37/49 MP: 5/5
  2284 | D:3      | Reached XP level 6. HP: 17/56 MP: 6/6
  2943 | D:4      | Noticed Fang's ghost (amateur GrBe)
  2953 | D:4      | Reached skill level 1 in Maces & Flails
  2974 | D:4      | Killed Fang's ghost
  2974 | D:4      | Reached skill level 5 in Shields
  3085 | D:4      | Reached XP level 7. HP: 44/62 MP: 7/7
  3124 | D:4      | Found Kana's Jewellery Shop.
  3435 | D:4      | Found a sacrificial altar of Ru.
  3709 | D:4      | Reached skill level 6 in Shields
  3811 | D:4      | Paralysed by fainting for 7 turns
  3822 | D:5      | Entered Level 5 of the Dungeon
  3860 | D:5      | Paralysed by fainting for 11 turns
  3976 | D:5      | Reached skill level 5 in Armour
  4013 | D:5      | Found Basegil's Weapon Boutique.
  4400 | D:5      | Noticed Eustachio
  4500 | D:5      | Killed Eustachio
  4500 | D:5      | Reached skill level 7 in Shields
  4500 | D:5      | Reached XP level 8. HP: 37/72 MP: 7/7
  4547 | D:5      | Found a staircase to the Ecumenical Temple.
  4556 | Temple   | Entered the Ecumenical Temple
  4610 | Temple   | Became a worshipper of the Shining One
  5352 | D:6      | Reached skill level 5 in Maces & Flails
  5394 | D:6      | Reached skill level 8 in Shields
  5477 | D:6      | Reached * piety under the Shining One
  5943 | D:7      | Gained mutation: You passively map the area around you. [Deep Dwarf growth]
  5943 | D:7      | Reached XP level 9. HP: 64/79 MP: 7/7
  6775 | D:8      | Found a flagged portal.
  6829 | D:8      | Noticed a two-headed ogre
  6842 | D:8      | Killed a two-headed ogre
  6842 | D:8      | Reached skill level 5 in Fighting
  6842 | D:8      | Reached skill level 9 in Shields
  6908 | Bailey   | Entered a bailey
  6913 | Bailey   | Noticed an orc warlord
  6999 | Bailey   | Found a runed gate.
  6999 | Bailey   | Found a runed gate.
  7021 | Bailey   | Found a runed gate.
  7145 | Bailey   | Killed an orc warlord
  7145 | Bailey   | Killed from afar by an orc

Skill      XL: |  1  2  3  4  5  6  7  8  9 |
---------------+----------------------------+-----
Fighting       | 3 4 5 |  5.1
Axes           | 3 4 |  4.7
Armour         | 4 5 6 |  6.5
Shields        | 4 5 7 8 9 |  9.3
Maces & Flails | 2 4 6 8 |  8.4
Dodging        | |  0.6

Action                   |  1- 3 |  4- 6 |  7- 9 || total
-------------------------+-------+-------+-------++-------
Melee: War axe           |   122 |    72 |       ||   194
       Flail             |       |   167 |   436 ||   603
       Whip              |       |       |   220 ||   220
       Mace              |       |       |     6 ||     6
 Abil: Heal Wounds       |       |     2 |    12 ||    14
  Use: Potion            |       |     4 |     4 ||     8
       Scroll            |       |     1 |    12 ||    13
  Eat: Ration            |       |     2 |     3 ||     5
       Chunk             |       |     1 |     6 ||     7
Armor: Scale mail        |    32 |       |       ||    32
       Crystal plate arm |    17 |   185 |   504 ||   706
Dodge: Dodged            |    24 |     5 |    55 ||    84
       Deflected         |     1 |     1 |     9 ||    11
Block: Shield            |    79 |   173 |   602 ||   854
